 Dungeon Crawl Stone Soup version 0.26-b1-32-g5d43845318 (webtiles) character file.

Game seed: 637271061059854445

21865 Borgoz the Basher (level 12, -23/77 HPs)
             Began as a Gargoyle Berserker on Jan 11, 2021.
             Was a High Priest of Trog.
             Annihilated by a very large slime creature (42 damage)
             ... on level 13 of the Dungeon.
             The game lasted 00:18:45 (15304 turns).

Borgoz the Basher (Gargoyle Berserker)             Turns: 15304, Time: 00:18:46

Health: -23/77     AC: 22    Str: 21    XL:     12   Next: 94%
Magic:  12/12      EV: 19    Int: 10    God:    Trog [*****.]
Gold:   834        SH:  0    Dex: 12    Spells: 11/11 levels left

rFire    + . .     SeeInvis .   a - +4 flail (holy)
rCold    . . .     Faith    .   (no shield)
rNeg     + . .     Spirit   .   v - +1 scale mail {rF+}
rPois    ∞         Reflect  .   j - +1 helmet
rElec    +         Harm     .   (no cloak)
rCorr    .         Rampage  .   (no gloves)
Will     ++...                  e - +0 pair of boots
Stlth    ..........             (no amulet)
HPRegen  1.22/turn              h - +4 ring of slaying
MPRegen  0.13/turn              q - +4 ring of evasion

@: berserk cooldown, regenerating, slowed, very slow
A: negative energy resistance 1, electricity resistance, unbreathing,
petrification resistance, miasma immunity, AC +8
a: Renounce Religion, Berserk, Trog's Hand, Brothers in Arms


You were on level 13 of the Dungeon.
You worshipped Trog.
Trog was extremely pleased with you.
You visited 1 branch of the dungeon, and saw 13 of its levels.

You collected 834 gold pieces.

Inventory:

Hand Weapons
 a - a +4 flail of holy wrath (weapon)
Armour
 e - a +0 pair of boots (worn)
 j - a +1 helmet (worn)
 v - a +1 scale mail of fire resistance (worn)
 G - a +1 troll leather armour
Jewellery
 g - an uncursed ring of resist corrosion
 h - a +4 ring of slaying (left hand)
 l - an uncursed ring of see invisible
 q - a +4 ring of evasion (right hand)
 y - an uncursed ring of protection from cold
 A - an uncursed ring of protection from fire
 D - the ring "Pinarghisk" {rElec rF+ rC- Str+4 Int+5}
   (You found it on level 10 of the Dungeon)

   [ring of protection from fire]

   It affects your strength (+4).
   It affects your intelligence (+5).
   It protects you from fire.
   It makes you vulnerable to cold.
   It insulates you from electricity.
Wands
 i - a wand of paralysis (19)
 o - a wand of acid (2)
 t - a wand of disintegration (27)
 C - a wand of flame (55)
Scrolls
 b - 3 scrolls of enchant weapon
 f - 7 scrolls of remove curse
 k - 2 scrolls of enchant armour
 m - a scroll of acquirement {unknown}
 p - a scroll of fear
 s - 5 scrolls of teleportation
Potions
 c - 2 potions of invisibility
 d - 2 potions of ambrosia
 n - a potion of lignification {unknown}
 r - 2 potions of resistance {unknown}
 u - 3 potions of curing
 x - 6 potions of heal wounds
 z - 2 potions of flight
 F - 3 potions of mutation {unknown}


   Skills:
 + Level 9.9 Fighting
 * Level 12.2 Maces & Flails
 + Level 9.7 Armour
 * Level 10.3 Dodging
 + Level 4.0 Evocations


You had 11 spell levels left.
You didn't know any spells.
Your spell library was empty.

Dungeon Overview and Level Annotations

Branches:
Dungeon (13/15)            Temple (0/1) D:7            Lair (0/6) D:9
    Orc (0/2) D:11
 Vaults: D:13-14

Altars:
Dithmenos
Elyvilon
Fedhas
Kikubaaqudgha
Makhleb
Qazlal
Yredelemnul
Zin
The Shining One
Beogh

Shops:
D:10 :

Annotations:
D:12 1 runed translucent door


Innate Abilities, Weirdness & Mutations

You are resistant to torment.
Your stone body is resilient. (AC +8)
You are immune to poison.
You resist negative energy. (rN+)
You are resistant to electric shocks. (rElec)
You can survive without breathing.
You are immune to petrification.
You are immune to miasma.


Message History

You are too injured to fight recklessly!
You are too injured to fight recklessly!
You are too injured to fight recklessly!
You are too injured to fight recklessly!
You are too injured to fight recklessly!
You are too injured to fight recklessly!
You are too injured to fight recklessly!
You are too injured to fight recklessly!
You are too injured to fight recklessly!
You are too injured to fight recklessly!
You are too injured to fight recklessly!
You are too injured to fight recklessly!
You are too injured to fight recklessly!
Your skin crawls.
You feel strong-willed. The killer bee closely misses you.
The killer bee misses you. The killer bee completely misses you.
The killer bee closely misses you.
The very large slime creature hits you!!!
Ouch! That really hurt!
You die...

..###.. ##†# #..#
...#...# #..# ##..
......# #..# ##.
......#####..# ##
#...(......# ###.
##..........###...
#......###........
#.....## ##...##..
#@y..## #..####.
.....YJyy..# .##
## ...>..Yc...# .#
# ...####....# #
.. #....# # ......
#.. ........ ....
.......... ..## .#


You could see a very large slime creature, 2 yaks, a centaur and 3 killer bees.

Vanquished Creatures
  A centaur warrior (D:12)
  The ghost of groll the Fighter, a novice MiBe of Trog (D:9)
  A two-headed ogre (D:10)
  3 death yaks (D:9)
  A death knight (D:12)
  A tengu warrior (D:12)
  2 skeletal warriors (D:12)
  An unseen horror (D:10)
  Pikel (D:7)
  An ugly thing (D:13)
  A spectral centaur (D:9)
  2 cyclopes (D:12)
  Psyche (D:11)
  A gargoyle (D:10)
  A freezing wraith (D:12)
  3 trolls
  4 slime creatures (D:11)
  Sigmund (D:2)
  A wraith (D:12)
  A centaur simulacrum (D:9)
  22 yaks
  A steam dragon (D:12)
  Edmund (D:4)
  A water moccasin (D:6)
  4 orc warriors
  2 hornet zombies (D:9)
  3 ice beasts
  2 black bears
  2 sky beasts
  An eye of draining (D:11)
  A phantom (D:11)
  15 centaurs
  9 ogres
  2 lemures (D:7)
  7 bullfrogs
  A big kobold (D:8)
  3 scorpions
  A water moccasin skeleton (D:5)
  9 killer bees (D:13)
  10 wights
  9 howler monkeys
  A crimson imp (D:8)
  A bullfrog zombie (D:9)
  3 jellies
  A quasit (D:11)
  2 hounds
  3 centaur skeletons
  2 centaur zombies
  8 orc priests
  A bullfrog skeleton (D:6)
  Ijyb (D:4)
  13 orc wizards
  2 iguanas
  10 worker ants
  A hell rat (D:9)
  2 bullfrog simulacra (D:9)
  A hound skeleton (D:3)
  3 gnolls (D:6)
  A river rat (D:9)
  7 adders
  A shadow imp (D:5)
  2 white imps
  An ufetubus (D:8)
  An adder zombie (D:7)
  A worm (D:2)
  4 dart slugs
  2 leopard geckos
  55 orcs
  2 ball pythons
  10 giant cockroaches
  7 goblins
  8 hobgoblins
  8 jackals
  12 kobolds
  7 quokkas
  A ball python skeleton (D:4)
  5 bats
  8 frilled lizards
  A giant cockroach zombie (D:5)
  A quokka skeleton (D:5)
  5 rats
  A rat zombie (D:8)
341 creatures vanquished.

Vanquished Creatures (others)
  An adder (D:5)
1 creature vanquished.

Grand Total: 342 creatures vanquished

Notes
Turn   | Place    | Note
-------+----------+-------------------------------------------
     0 | D:1      | Borgoz the Gargoyle Berserker began the quest for the Orb.
     0 | D:1      | Reached XP level 1. HP: 14/14 MP: 1/1
   184 | D:1      | Reached XP level 2. HP: 19/19 MP: 2/2
   597 | D:1      | Reached XP level 3. HP: 23/23 MP: 3/3
  1040 | D:2      | Reached ** piety under Trog
  1239 | D:2      | Noticed Sigmund
  1246 | D:2      | Killed Sigmund
  1247 | D:2      | Reached skill level 4 in Maces & Flails
  1247 | D:2      | Reached XP level 4. HP: 24/29 MP: 4/4
  1247 | D:2      | Reached XP level 5. HP: 27/33 MP: 5/5
  1827 | D:3      | Reached XP level 6. HP: 31/38 MP: 6/6
  2817 | D:4      | Noticed Ijyb
  2832 | D:4      | Killed Ijyb
  2929 | D:4      | Noticed Edmund
  2946 | D:4      | Killed Edmund
  2947 | D:4      | Reached skill level 5 in Maces & Flails
  2947 | D:4      | Reached XP level 7. HP: 44/44 MP: 7/7
  2970 | D:4      | Reached *** piety under Trog
  3371 | D:4      | Reached skill level 5 in Fighting
  3582 | D:4      | Found a blossoming altar of Fedhas.
  3693 | D:5      | Entered Level 5 of the Dungeon
  3724 | D:5      | Reached XP level 8. HP: 29/49 MP: 8/8
  4100 | D:5      | Reached skill level 6 in Maces & Flails
  4681 | D:5      | Reached skill level 5 in Armour
  4743 | D:5      | Reached skill level 5 in Dodging
  4772 | D:5      | Found a shadowy altar of Dithmenos.
  4838 | D:5      | Found a white marble altar of Elyvilon.
  4838 | D:5      | Found a glowing silver altar of Zin.
  4838 | D:5      | Found a glowing golden altar of the Shining One.
  5365 | D:6      | Reached skill level 7 in Maces & Flails
  5451 | D:6      | Reached XP level 9. HP: 55/55 MP: 9/9
  5950 | D:6      | Reached **** piety under Trog
  6685 | D:7      | Reached skill level 8 in Maces & Flails
  6907 | D:7      | Noticed Pikel
  6923 | D:7      | Killed Pikel
  6969 | D:7      | Found a staircase to the Ecumenical Temple.
  7511 | D:8      | Reached XP level 10. HP: 59/61 MP: 10/10
  7608 | D:8      | Found an ancient bone altar of Kikubaaqudgha.
  7797 | D:8      | Found a stormy altar of Qazlal.
  7826 | D:8      | Found a basalt altar of Yredelemnul.
  8199 | D:8      | Found a burning altar of Makhleb.
  8586 | D:9      | Noticed a death yak
  8588 | D:9      | Found a staircase to the Lair.
  8600 | D:9      | Killed a death yak
  8601 | D:9      | Reached skill level 9 in Maces & Flails
  8603 | D:9      | Noticed a death yak
  8807 | D:9      | Killed a death yak
  8996 | D:9      | Noticed a death yak
  9014 | D:9      | Killed a death yak
  9298 | D:9      | Found a runed translucent gate.
  9298 | D:9      | Found a runed translucent gate.
  9298 | D:9      | Found a runed translucent gate.
  9842 | D:9      | Noticed a spectral centaur warrior
  9844 | D:9      | Noticed groll's ghost (novice MiBe)
  9873 | D:9      | Killed groll's ghost
  9874 | D:9      | Reached skill level 10 in Maces & Flails
  9874 | D:9      | Reached XP level 11. HP: 9/68 MP: 11/11
 10340 | D:10     | Entered Level 10 of the Dungeon
 10340 | D:10     | Noticed a two-headed ogre
 10350 | D:10     | Killed a two-headed ogre
 10400 | D:10     | Reached ***** piety under Trog
 10632 | D:10     | Noticed an unseen horror
 10660 | D:10     | Killed an unseen horror
 10695 | D:10     | Got a translucent glass ring
 10699 | D:10     | Identified the ring "Pinarghisk" {rElec rF+ rC- Str+4
                  | Int+5} (You found it on level 10 of the Dungeon)
 11039 | D:10     | Found Juurch's Book Shoppe.
 11920 | D:11     | Reached skill level 1 in Evocations
 12011 | D:11     | Found a blossoming altar of Fedhas.
 12410 | D:11     | Reached skill level 11 in Maces & Flails
 12547 | D:11     | Noticed Psyche
 12555 | D:11     | Killed Psyche
 12713 | D:11     | Found a staircase to the Orcish Mines.
 12747 | D:11     | Found a roughly hewn altar of Beogh.
 12755 | D:11     | Received a gift from Trog
 13245 | D:11     | Reached XP level 12. HP: 26/76 MP: 12/12
 13664 | D:12     | Noticed a centaur warrior
 13686 | D:12     | Noticed a tengu warrior
 14023 | D:12     | Noticed a death knight
 14037 | D:12     | Killed a death knight
 14507 | D:12     | Killed a centaur warrior
 14565 | D:12     | Killed a tengu warrior
 14566 | D:12     | Reached skill level 10 in Dodging
 14725 | D:12     | Found a runed translucent door.
 14725 | D:12     | Noticed an ettin
 14725 | D:12     | Noticed a frost giant
 14725 | D:12     | Noticed a vampire knight
 14725 | D:12     | Noticed a storm dragon
 14844 | D:13     | Reached skill level 12 in Maces & Flails
 15304 | D:13     | Annihilated by a very large slime creature

Illustrated notes

Levels and vault maps discovered:
D:1:      dpeg_arrival_rooms_a, layout_basic, serial_forest,
          infiniplex_forest_lined_ring, infiniplex_forest_end_2,
          infiniplex_forest_lined_room_2, infiniplex_forest_straight_2,
          infiniplex_forest_end_3, infiniplex_forest_clump_double,
          infiniplex_forest_end_2, minmay_unequal
D:2:      layout_basic, uniq_sigmund
D:3:      layout_basic
D:4:      layout_rooms, corner_web_ring, fedhas_altar_4, uniq_edmund, uniq_ijyb
D:5:      layout_cave_pods, good_gods_mini_temple,
          nicolae_dithmenos_the_darkroom, minmay_misc_feat_diagonals
D:6:      layout_basic
D:7:      cheibrodos_quashed, layout_basic, minmay_temple_entry_from_below_b,
          ebering_dispersal_statue_hall, uniq_pikel
D:8:      layout_basic, makhleb_grotto_becter,
          lemuel_zombie_altar_kikubaaqudgha, grunt_temple_overflow_open
D:9:      layout_stronghold, dpeg_lair_monsters, gammafunk_ghost_necromancy,
          minivault_1
D:10:     layout_irregular_city, serial_shops, shop, serial_column_ruins,
          column_ruins_pillar_1, column_ruins_pillar_9, column_ruins_pillar_3,
          column_ruins_pillar_9, column_ruins_pillar_6, column_ruins_pillar_2,
          column_ruins_pillar_4, column_ruins_pillar_9, column_ruins_pillar_12,
          column_ruins_pillar_2, column_ruins_pillar_7, column_ruins_pillar_4,
          column_ruins_pillar_2, column_ruins_pillar_6, column_ruins_pillar_5,
          column_ruins_pillar_7
D:11:     layout_loops_cross, minmay_orc_entry_temple_small, basic_altar,
          uniq_psyche
D:12:     layout_rooms, minmay_hidden_floor
D:13:     layout_layer_cave, david_vaults_5, kennysheep_generic_room_3

Skill      XL: |  1  2  3  4  5  6  7  8  9 10 11 12 |
---------------+-------------------------------------+-----
Dodging        | 2 3 4 5 6 8 9 10 | 10.3
Fighting       | 4 5 6 8 9 |  9.9
Maces & Flails | 4 5 7 8 10 11 12 | 12.2
Armour         | 3 4 5 6 7 8 9 |  9.7
Evocations     | 2 4 |  4.0

Action                   |  1- 3 |  4- 6 |  7- 9 | 10-12 || total
-------------------------+-------+-------+-------+-------++-------
Melee: Mace              |    93 |   165 |   177 |       ||   435
       Flail             |       |       |   243 |   721 ||   964
Invok: Berserk           |     2 |     3 |     2 |    14 ||    21
       Trog's Hand       |       |       |     2 |     3 ||     5
  Use: Scroll            |       |     1 |     6 |    13 ||    20
 Stab: Invisible         |       |       |       |     1 ||     1
Armor: Animal skin       |    10 |       |       |       ||    10
       Scale mail        |    45 |   124 |   239 |   400 ||   808
       Skin              |       |       |     1 |       ||     1
       Troll leather arm |       |       |       |     6 ||     6
Dodge: Dodged            |    67 |   137 |   336 |   728 ||  1268
